cohdb
Replays
Latest Replays
All Replays
Popular Replays
Top Player Replays
Match Explorer
How It Works
Community
CoH3 Stats
Reddit
Sign in to upload your games and track your stats! →
Sign in with Steam
Match 41392238
Unlisted
Match 41392238
Overview
Messages
Build Orders
End
Construct Infanterie Kompanie
Kettenkrad Recon Vehicle
MG 42 Machine Gun Team
Grenadier Squad
Grenadier Squad
Grenadier Squad
Construct Panzergrenadier Kompanie
Construct Luftwaffe Kompanie
221 Scout Car
Flak 30 Anti-aircraft Gun Team
Medical Station
Selects Mechanized Battlegroup
Selects Spotting Scopes
Selects Raid Package
Jäger Squad
Jäger Squad
Support Elements
Marder III M Tank Destroyer
Pioneer Squad
Grenadier Squad
Marder III M Tank Destroyer
Construct Panzer Kompanie
Selects Wespe Self-propelled Artillery
Selects Zeroing Artillery Barrage
GrW 34 Mortar Team
Anti-Anime
serwerty
GreenWii
Porygon
0
0
Comments
sign in to comment!
No comments posted yet!